 Dungeon Crawl Stone Soup version 0.30.1-9-gdf580d7c3d (webtiles) character file.

Game seed: 17895744072670321882

314 H0rd4k the Charlatan (level 6, 0/39 HPs)
             Began as an Octopode Artificer on Sept 29, 2023.
             Killed from afar by an orc wizard (13 damage)
             ... with a puff of flame
             ... on level 4 of the Dungeon.
             The game lasted 00:03:10 (3203 turns).

H0rd4k the Charlatan (Octopode Artificer)           Turns: 3203, Time: 00:03:11

Health: 0/39       AC:  1    Str: 11    XL:     6   Next: 43%
Magic:  8/8        EV: 14    Int: 16    God:
Gold:   153        SH:  0    Dex: 12    Spells: 7/8 levels left

rFire   . .          .
                       - Unarmed
rCold   . . .        (no shield)
rNeg    . . .        (helmet restricted)
rPois   .            (no amulet)
rElec   .            (no ring)
rCorr   .            (no ring)
SInv    .            (no ring)
Will    .....        (no ring)
Stlth   +++          (no ring)
HPRegen 0.26/turn    (no ring)
MPRegen 0.11/turn    (no ring)
                     (no ring)

%: no passive effects
@: no status effects
A: almost no armour, amphibious, 8 rings, camouflage 1, gelatinous body 1,
(nimble swimmer 1), tentacles
a: no special abilities


You were on level 4 of the Dungeon.
You visited 1 branch of the dungeon, and saw 4 of its levels.

You collected 153 gold pieces.

Inventory:

Magical Staves
 e - a staff of earth
Jewellery
 m - a +5 ring of evasion
Wands
 b - a wand of flame (11) (quivered)
 c - a wand of charming (11)
 d - a wand of iceblast (4)
Scrolls
 f - 3 scrolls of identify {unknown}
 k - 5 scrolls of teleportation {unknown}
 l - a scroll of enchant armour {unknown}
 n - a scroll of vulnerability {unknown}
 o - a scroll of summoning {unknown}
Potions
 a - 4 potions of attraction {unknown}
 g - a potion of curing {unknown}
 h - a potion of cancellation {unknown}
 i - a potion of brilliance {unknown}
 j - a potion of lignification {unknown}
 p - a potion of might {unknown}


   Skills:
 + Level 1.7 Fighting
 + Level 3.5 Dodging
 - Level 1.3 Stealth
 + Level 3.2 Unarmed Combat
 * Level 1.6 Spellcasting
 * Level 1.8 Summonings
 + Level 4.5 Evocations


You had 7 spell levels left.
You knew the following spells:

 Your Spells              Type           Power      Damage    Failure   Level
a - Summon Small Mammal   Summ           28%        N/A       10%         1

Your spell library contained the following spells:

 Spells                   Type           Power      Damage    Failure   Level
 Necrotise                Necr           4%         1d4       22%         1
 Call Canine Familiar     Summ           7%         N/A       30%         3
 Summon Guardian Golem    Hex/Summ       4%         N/A       41%         3
 Portal Projectile        Hex/Tloc       2%         N/A       54%         3
 Leda's Liquefaction      Hex/Erth       0%         N/A       91%         4


Dungeon Overview and Level Annotations

Branches:
Dungeon (4/15)
 Temple: D:4-7

Altars:
Elyvilon
Fedhas
Nemelex Xobeh
Qazlal
Sif Muna
Xom
The Shining One

Annotations:
D:3 exclusion: downstairs


Innate Abilities, Weirdness & Mutations

You cannot wear most types of armour.
You are amphibious.
You can wear up to eight rings at the same time.
Your skin changes colour to match your surroundings (Stealth+).
Your rubbery body absorbs attacks. (AC +1, EV +1)
((You are camouflaged when in or above water. (Stealth+)))
You have tentacles for arms and can constrict up to eight enemies at once.


Message History

The adder is severely wounded.
You constrict the adder.
You feel sick. The adder barely misses you.
An adder is nearby!
You tentacle-slap the adder.
You kill the adder!
You feel sick.
You are no longer poisoned.
There is an escape hatch in the ceiling here.
An orc is nearby!
The orc shouts!
You hear a shout! x2
The orc wizard shouts!
The orc zaps a wand.
The bolt of light hits you!
There are monsters nearby!
There are monsters nearby!
You tentacle-slap the orc but do no damage.
You grab the orc.
You constrict the orc, but do no damage.
The orc zaps a wand.
The bolt of light hits you!!
Ouch! That really hurt!
The orc wizard gestures at you while chanting.
You resist with some effort.
There are monsters nearby!
Aiming: Charm
Press: ? - help, Shift-Dir - straight line, f - orc
Aim: an orc, wielding a +0 short sword, wearing a +0 scale mail and carrying a wand of light (8) (constricted by you, chance to affect: 76%)
The orc is charmed.
You release your grip on your orc.
The orc wizard gestures wildly while chanting.
The orc wizard flickers and vanishes!
Deactivating autopickup; reactivate with Ctrl-A.
What are your orders? t - Shout!
Orders for allies: a - Attack new target. p - Attack previous target. r - Retreat! s - Stop attacking. g - Guard the area. f - Follow me.
Anything else - Cancel.
Guard this area!
You hear a zap.
A puff of flame appears from out of thin air!
The puff of flame hits you!
You die...

#.# #####.(##..#..##.
#####.###......##........
#####.........###..###.......
#.....###.#######..........#.
###.##### #.......#.####.##.#..
#.......# #....oo...# #.......
#.#.##..# #.#####{#.#########..
#.#.##..# #.##......<..# #..
#.#..#..###.##@#.>..##.# #..
###.##.#............####.######..
#..............#.#.## #.........
#.#..............#.## #.........
#.#.##..#......##...## ##........
#.#.....#......##.#..# #######..
#.#..##.#.#######....# #..
#.......#.# ####.# #..
###.......# #.# #..


There were no monsters in sight!

Vanquished Creatures
  A crimson imp (D:4)
  2 hounds
  An orc priest (D:4)
  2 orc wizards (D:3)
  2 adders
  An ufetubus (D:4)
  A worm (D:4)
  3 dart slugs
  2 orcs
  5 bats
  5 endoplasms
  2 giant cockroaches
  6 goblins
  7 hobgoblins
  5 quokkas
  6 ball pythons
  2 goblin zombies (D:4)
  2 hobgoblin zombies (D:4)
  9 kobolds
  2 kobold skeletons (D:4)
  A kobold zombie (D:4)
  3 orc skeletons (D:4)
  An orc zombie (D:4)
  7 rats
78 creatures vanquished.

Vanquished Creatures (collateral kills)
  A jelly (D:4)
1 creature vanquished.

Vanquished Creatures (others)
  An orc priest (D:4)
1 creature vanquished.

Grand Total: 80 creatures vanquished

Notes
Turn   | Place    | Note
-------+----------+-------------------------------------------
     0 | D:1      | H0rd4k the Octopode Artificer began the quest for the Orb.
     0 | D:1      | Reached XP level 1. HP: 13/13 MP: 1/1
   157 | D:1      | Reached XP level 2. HP: 18/18 MP: 2/2
   753 | D:1      | Reached XP level 3. HP: 16/23 MP: 3/3
   801 | D:1      | Reached skill level 4 in Evocations
   912 | D:1      | Found a faded altar of an unknown god.
  1040 | D:2      | Learned a level 1 spell: Summon Small Mammal
  1236 | D:2      | You fall into a shaft and drop 2 floors!
  1362 | D:4      | Reached skill level 1 in Unarmed Combat
  1362 | D:4      | Reached XP level 4. HP: 14/28 MP: 4/4
  1905 | D:3      | Reached skill level 1 in Summonings
  1905 | D:3      | Reached XP level 5. HP: 29/33 MP: 6/6
  1998 | D:3      | Reached skill level 1 in Spellcasting
  2018 | D:3      | Found a shimmering blue altar of Sif Muna.
  2064 | D:3      | Found a white marble altar of Elyvilon.
  2069 | D:3      | Found a stormy altar of Qazlal.
  2069 | D:3      | Found a sparkling altar of Nemelex Xobeh.
  2070 | D:3      | Found a blossoming altar of Fedhas.
  2072 | D:3      | Found a shimmering altar of Xom.
  2237 | D:3      | Got Sif Muna's Precepts of Exhumation
  2525 | D:4      | Reached XP level 6. HP: 22/38 MP: 8/8
  2611 | D:4      | Found a glowing golden altar of the Shining One.
  3203 | D:4      | Killed from afar by an orc wizard

Illustrated notes

Levels and vault maps discovered:
D:1:      wander_arrival_lonely_grave, layout_loops_corners,
          shapermc_ecumenical_altar_hornbeckon, minmay_heptomino_w4
D:2:      layout_loops_ring
D:3:      layout_loops_cross, led_sif_book, minitemple,
          kennysheep_cross_bottleneck, minivault_24, hangedman_decor_push,
          minmay_door_square
D:4:      layout_loops_cross, nicolae_tso_besieged_by_evil

Skill      XL: |  1  2  3  4  5  6 |
---------------+-------------------+-----
Evocations     | 4 |  4.5
Dodging        | 3 |  3.5
Unarmed Combat | 1 2 3 |  3.2
Summonings     | 1 |  1.8
Spellcasting   | 1 |  1.6
Fighting       | |  1.7
Stealth        | |  1.3

Action                     |  1- 3 |  4- 6 || total
---------------------------+-------+-------++-------
  Melee: Unarmed           |   102 |    96 ||   198
         Constrict         |    26 |    31 ||    57
         Tentacles         |    24 |    24 ||    48
         Punch             |       |     5 ||     5
   Cast: Summon Small Mamm |       |     6 ||     6
  Evoke: Wand              |       |     9 ||     9
   Stab: Sleeping          |    15 |     7 ||    22
 Armour: Skin              |     3 |    10 ||    13
  Dodge: Dodged            |    54 |    52 ||   106
